 Dungeon Crawl Stone Soup version 0.30-a0-1008-g30c9307041 (webtiles) character file.

Game seed: 386432655140232465

85 cforsyth the Caller (level 4, -9/27 HPs)
             Began as an Octopode Summoner on Apr 5, 2023.
             Killed by nerve-wracking pain
             ... invoked by Grinder
              (14 damage)
             ... on level 3 of the Dungeon.
             The game lasted 00:04:49 (2194 turns).

cforsyth the Caller (Octopode Summoner)             Turns: 2194, Time: 00:04:50

Health: -9/27      AC:  1    Str:  7    XL:     4   Next: 48%
Magic:  2/8        EV: 13    Int: 19    God:
Gold:   164        SH:  0    Dex: 12    Spells: 0/9 levels left

rFire   . . .      SeeInvis .    (no weapon)
rCold   . . .      Faith    .    (no shield)
rNeg    . . .      Spirit   .    (helmet restricted)
rPois   .          Reflect  .    (no amulet)
rElec   .          Rampage  .    (no ring)
rCorr   .                        (no ring)
Will    .....                    (no ring)
Stlth   +++                      (no ring)
HPRegen 0.24/turn                (no ring)
MPRegen 0.11/turn                (no ring)
                                 (no ring)
                                 (no ring)

@: no status effects
A: almost no armour, amphibious, 8 rings, camouflage 1, gelatinous body 1,
(nimble swimmer 1), tentacles
a: no special abilities


You were on level 3 of the Dungeon.
You visited 1 branch of the dungeon, and saw 3 of its levels.

You collected 164 gold pieces.

Inventory:

Scrolls
 b - a scroll of fog {unknown}
 c - a scroll of magic mapping {unknown}
 e - 4 scrolls of identify {unknown}
 g - a scroll of teleportation {unknown}
 i - a scroll of brand weapon {unknown}
Potions
 a - a potion of magic
 d - 3 potions of mutation {unknown}
 f - 5 potions of curing {unknown}
 h - a potion of lignification {unknown}


   Skills:
 - Level 2.0 Dodging
 - Level 2.6 Stealth
 + Level 3.3 Spellcasting
 + Level 0.0 Hexes
 + Level 4.9 Summonings


You couldn't memorise any spells.
You knew the following spells:

 Your Spells              Type           Power      Damage    Failure   Level
a - Summon Small Mammal   Summ           88%        N/A       1%          1
b - Call Imp              Summ           22%        N/A       3%          2
c - Call Canine Familiar  Summ           22%        N/A       6%          3
d - Summon Guardian Gole  Hex/Summ       12%        N/A       16%         3

Your spell library contained the following spells:

 Spells                   Type           Power      Damage    Failure   Level
 Summon Lightning Spire   Summ/Air       12%        N/A       47%         4
 Blade Hands              Tmut           1%         N/A       99%         5
 Irradiate                Conj/Tmut      1%         3d12      99%         5
 Dragon Form              Tmut           1%         N/A       100%        7


Dungeon Overview and Level Annotations

Branches:
Dungeon (3/15)

Altars:

Annotations:
D:3 Grinder


Innate Abilities, Weirdness & Mutations

You cannot wear most types of armour.
You are amphibious.
You can wear up to eight rings at the same time.
Your skin changes colour to match your surroundings (Stealth+).
Your rubbery body absorbs attacks. (AC +1, EV +1)
((You are camouflaged when in or above water. (Stealth+)))
You have tentacles for arms and can constrict up to eight enemies at once.


Message History

Unknown command.
Casting: Call Canine Familiar (quite dangerous; 6% risk of failure)
Confirm with . or Enter, or press ? or * to list all spells.
The spell is quite dangerous to miscast (6% risk of failure)!
Continue anyway?
Grinder gestures at you. You resist with significant effort.
Casting: Call Canine Familiar (quite dangerous; 6% risk of failure)
Confirm with . or Enter, or press ? or * to list all spells.
A beastly little devil appears in a puff of flame.
Your hound bites Grinder.
Grinder hits you.
You writhe in agony.
Your hound closely misses Grinder.
Your hound bites Grinder.
Your crimson imp blinks!
Grinder gestures at you.
You suddenly lose the ability to move!
Your hound closely misses Grinder.
Grinder says, "I used to sell toenails on the black market."
Your hound closely misses Grinder.
Grinder hits you.
You can move again.
Unknown command.
Unknown command.
Unknown command.
Unknown command.
Your hound misses Grinder.
Your crimson imp blinks!
Your hound barely misses Grinder.
Grinder gestures at you. Pain shoots through your body!
* * * LOW HITPOINT WARNING * * *
Unknown command.
Unknown command.
Your hound bites Grinder but does no damage.
Unknown command.
Unknown command.
You swap places.
Your hound bites Grinder.
Your crimson imp blinks!
Unknown command.
Grinder gestures at you. Pain shoots through your body!
Ouch! That really hurt!
You die...

.. # #.#######.## ...
### #. #†........# ...#
#.. #.###.#########
....#.# #...## #.#
#####.## #.# #.....#
##.## #.#####
###...#########.########
..........(.h5..@.......
###...#########5#######.
##.## #.# #.##########.#
#............#
##############


You could see Grinder (ally target), a friendly hound (summoned) and a friendly
crimson imp (summoned).

Vanquished Creatures
  An adder (D:2)
  A worm (D:2)
  3 endoplasms
  A goblin (D:1)
  2 quokkas
  A ball python (D:2)
  A frilled lizard (D:2)
  A kobold (D:2)
  A rat (D:2)
12 creatures vanquished.

Vanquished Creatures (collateral kills)
  3 adders (D:2)
  3 endoplasms
  3 giant cockroaches
  A goblin (D:1)
  5 hobgoblins
  5 ball pythons
  5 bats
  A frilled lizard (D:1)
  3 kobolds
  7 rats
36 creatures vanquished.

Grand Total: 48 creatures vanquished

Notes
Turn   | Place    | Note
-------+----------+-------------------------------------------
     0 | D:1      | cforsyth the Octopode Summoner began the quest for the Orb.
     0 | D:1      | Reached XP level 1. HP: 11/11 MP: 3/3
   212 | D:1      | Reached XP level 2. HP: 17/17 MP: 0/5
   380 | D:1      | Learned a level 2 spell: Call Imp
   938 | D:1      | Reached XP level 3. HP: 21/21 MP: 6/6
   965 | D:1      | Learned a level 3 spell: Call Canine Familiar
  1410 | D:2      | Reached XP level 4. HP: 18/27 MP: 8/8
  1996 | D:3      | Learned a level 3 spell: Summon Guardian Golem
  2171 | D:3      | Noticed Grinder
  2181 | D:3      | Paralysed by Grinder for 4 turns
  2187 | D:3      | Paralysed by Grinder for 3 turns
  2194 | D:3      | Killed from afar by Grinder

Illustrated notes

Levels and vault maps discovered:
D:1:      shiori_arrival_elements, layout_loops_ring
D:2:      layout_rooms
D:3:      layout_loops_ring, wander_ebering_terrifying_dragon_lair, uniq_grinder

Skill      XL: |  1  2  3 |
---------------+----------+-----
Spellcasting   | 3 |  3.3
Dodging        | |  2.0
Stealth        | |  2.6
Summonings     | |  4.9

Action                     |  1- 3 |  4- 6 || total
---------------------------+-------+-------++-------
  Melee: Unarmed           |    20 |    20 ||    40
         Constrict         |     7 |     2 ||     9
         Tentacles         |     4 |     6 ||    10
   Cast: Summon Small Mamm |    37 |     4 ||    41
         Call Imp          |     7 |     3 ||    10
         Call Canine Famil |     3 |     6 ||     9
   Stab: Sleeping          |     1 |       ||     1
 Armour: Skin              |     2 |     1 ||     3
  Dodge: Dodged            |    30 |    23 ||    53

Table legend: (Time is in decaauts)
 A = Elapsed time spent in this place.
 B = Non-inter-level travel time spent in this place.
 C = Inter-level travel time spent in this place.
 D = Time resting spent in this place.
 E = Time spent auto-exploring this place.
 F = Levels seen in this place.
 G = Mean time per level.
                   A        B        C        D        E       F      G
               +--------+--------+--------+--------+--------+-----+--------+
         Total |   2193 |   2167 |     26 |    190 |   1485 |   3 |  731.0 |
       Dungeon |   2193 |   2167 |     26 |    190 |   1485 |   3 |  731.0 |
               +--------+--------+--------+--------+--------+-----+--------+

Top non-repeatable levels by time:
     D:1: 1107 daAuts
     D:2: 867 daAuts
     D:3: 218 daAuts
